 Dungeon Crawl Stone Soup version 0.28-a0-980-g3664467d6e (webtiles) character file.

Game seed: 3874638862959483237

13 BinkBink the Chopper (level 2, 25/25 HPs)
             Began as a Minotaur Gladiator on Dec 2, 2021.
             Was a Follower of Vehumet.
             Quit the game on level 1 of the Dungeon.
             The game lasted 00:01:15 (295 turns).

BinkBink the Chopper (Minotaur Gladiator)            Turns: 295, Time: 00:01:15

Health: 25/25      AC:  4    Str: 18    XL:     2   Next: 24%
Magic:  1/1        EV: 12    Int:  5    God:    Vehumet [*.....]
Gold:   0          SH:  0    Dex: 11    Spells: 0/1 levels left

rFire   . . .      SeeInvis .   a - +0 war axe
rCold   . . .      Faith    .   (no shield)
rNeg    . . .      Spirit   .   b - +0 leather armour
rPois   .          Reflect  .   c - +0 hat
rElec   .          Harm     .   (no cloak)
rCorr   .          Rampage  .   (no gloves)
Will    .....                   f - +0 pair of boots
Stlth   +.........              (no amulet)
HPRegen 0.08/turn               (no ring)
MPRegen 0.07/turn               (no ring)

@: no status effects
A: horns 2, retaliatory headbutt
a: Renounce Religion


You were on level 1 of the Dungeon.
You worshipped Vehumet.
Vehumet was aware of your devotion.
You visited 1 branch of the dungeon, and saw 1 of its levels.

Inventory:

Hand Weapons
 a - a +0 war axe (weapon)
 e - a +0 hunting sling
Missiles
 d - 3 throwing nets (quivered)
Armour
 b - a +0 leather armour (worn)
 c - a +0 hat (worn)
 f - a +0 pair of boots (worn)
Scrolls
 g - a scroll of enchant armour {unknown}


   Skills:
 + Level 2.5 Fighting
 + Level 3.9 Axes
 + Level 2.0 Throwing
 * Level 0.7 Armour
 + Level 3.6 Dodging


You couldn't memorise any spells.
You knew the following spells:

 Your Spells              Type           Power      Damage    Failure   Level
a - Foxfire               Conj/Fire      0%         2x1d4     54%         1

Your spell library contained the following spells:

 Spells                   Type           Power      Damage    Failure   Level


Dungeon Overview and Level Annotations

Branches:
Dungeon (1/15)

Altars:
Vehumet


Innate Abilities, Weirdness & Mutations

You have a pair of horns on your head.
You reflexively headbutt those who attack you in melee.


Message History

Found a stone staircase leading down.
Things that are here:
a +0 club; a goblin corpse The kobold barely misses you.
You miss the kobold. The kobold hits you with a +0 club.
You hit the kobold but do no damage. The kobold barely misses you.
You furiously retaliate!
You headbutt the kobold. The kobold barely misses you.
You barely miss the kobold.
The kobold is severely wounded.
The kobold hits you but does no damage.
You barely miss the kobold.
The kobold is severely wounded.
The kobold hits you but does no damage.
You closely miss the kobold. You headbutt the kobold.
You kill the kobold!
No target in view!
No target in view!
Found a stone staircase leading down.
Things that are here:
a +0 club; a kobold corpse
There is a stone staircase leading down here.
Found a faded altar of an unknown god.
There is a faded altar of an unknown god here.
You cannot tell which god this altar belongs to.
Convert to them anyway?
Vehumet accepts your prayer! Vehumet welcomes you!
You can now gain magical power from killing.
Vehumet offers you knowledge of Foxfire.
Memorise Foxfire, consuming 1 spell level and leaving 0?
Vehumet grants you knowledge of Foxfire.
You start memorising the spell.
You continue memorising.
You finish memorising.
You add the spell Foxfire to your library.
Spell assigned to 'a'.
Unknown command.
Press < or > to pray at altars.
Unknown command.
Press < or > to pray at altars.
Unknown command.
Are you sure you want to abandon this character and quit the game? (Confirm with "yes".)

#...# .###
##.####.#.. #...#
..... ...........
#...# ....
#.#####.... ....#
..#.. #.# ##...
>...# #.##.###.#
###. ....#
#.##.....# #. #...#
#.####..### ## #.<.#
#_.##.....## # #...#
#@.....##..## #
##### #...##...#..#
# #.######.##.######
.... #..#.....#
#...# .#..####.##
#.... ##..#>...)..)
#...#..........##.##
###########..>.....#
#####....#


There were no monsters in sight!

Vanquished Creatures
  A dart slug (D:1)
  A bat (D:1)
  An endoplasm (D:1)
  A giant cockroach (D:1)
  A goblin (D:1)
  A quokka (D:1)
  2 ball pythons (D:1)
  A kobold (D:1)
  2 rats (D:1)
11 creatures vanquished.

Notes
Turn   | Place    | Note
-------+----------+-------------------------------------------
     0 | D:1      | BinkBink the Minotaur Gladiator began the quest for the
                  | Orb.
     0 | D:1      | Reached XP level 1. HP: 18/18 MP: 0/0
    59 | D:1      | Reached XP level 2. HP: 21/25 MP: 1/1
   286 | D:1      | Found a faded altar of an unknown god.
   291 | D:1      | Prayed at the altar of an unknown god.
   291 | D:1      | Became a worshipper of Vehumet
   291 | D:1      | Reached * piety under Vehumet
   291 | D:1      | Offered knowledge of Foxfire by Vehumet.
   294 | D:1      | Learned a level 1 spell: Foxfire
   295 | D:1      | Quit the game

Illustrated notes

Levels and vault maps discovered:
D:1:      amcnicky_arrival_blooded_trapdoor, layout_rooms,
          basic_ecumenical_altar

Action                   || total
-------------------------++-------
Melee: War axe           ||    19
       Headbutt          ||     2
Armor: Leather armour    ||     5
Dodge: Dodged            ||    17

Table legend: (Time is in decaauts)
 A = Elapsed time spent in this place.
 B = Non-inter-level travel time spent in this place.
 C = Inter-level travel time spent in this place.
 D = Time resting spent in this place.
 E = Time spent auto-exploring this place.
 F = Levels seen in this place.
 G = Mean time per level.
                   A        B        C        D        E       F      G
               +--------+--------+--------+--------+--------+-----+--------+
         Total |    300 |    300 |      0 |      0 |    223 |   1 |  300.0 |
       Dungeon |    300 |    300 |      0 |      0 |    223 |   1 |  300.0 |
               +--------+--------+--------+--------+--------+-----+--------+

Top non-repeatable levels by time:
     D:1: 300 daAuts
